 Dungeon Crawl Stone Soup version 0.22-a0-422-g9628fc8 (webtiles) character file.

153 iamserjio the Digger (level 5, -27/35 HPs)
             Began as a Formicid Earth Elementalist on May 18, 2018.
             Annihilated by an ogre
             ... wielding a +0 giant spiked club
              (30 damage)
             ... on level 3 of the Dungeon.
             The game lasted 00:06:09 (3838 turns).

iamserjio the Digger (Formicid Earth Elementalist)  Turns: 3838, Time: 00:06:09

Health: -27/35     AC:  2    Str: 12    XL:     5   Next: 61%
Magic:  11/11      EV: 12    Int: 16    God:
Gold:   187        SH:  0    Dex: 11    Spells: 6/12 levels left

rFire    . . .     SeeInvis +   a - +0 dagger
rCold    . . .     Gourm    .   (no shield)
rNeg     . . .     Faith    .   c - +0 robe
rPois    .         Spirit   .   (helmet unavailable)
rElec    .         Reflect  .   (no cloak)
rCorr    .         Harm     .   (no gloves)
MR       .....                  (no boots)
Stlth    ++........             (no amulet)
HPRegen  0.11/turn              (no ring)
MPRegen  0.12/turn              (no ring)

@: no status effects
A: permanent stasis, dig shafts and tunnels, four strong arms, antennae 3
a: Dig, Shaft Self


You were on level 3 of the Dungeon.
You were hungry.

You visited 1 branch of the dungeon, and saw 3 of its levels.

You collected 187 gold pieces.

Inventory:

Hand Weapons
 a - a +0 dagger (weapon)
Missiles
 b - 73 stones (quivered)
Armour
 c - a +0 robe (worn)
 r - a cursed +0 robe
Jewellery
 k - a +2 amulet of reflection {unknown}
 n - an uncursed ring of wizardry {unknown}
 p - an uncursed ring of ice {unknown}
Wands
 s - a wand of polymorph (10)
Scrolls
 e - 3 scrolls of teleportation {unknown}
 f - 2 scrolls of fog {unknown}
 g - 3 scrolls of identify {unknown}
 h - a scroll of enchant armour {unknown}
 m - a scroll of magic mapping {unknown}
 q - a scroll of fear {unknown}
 u - a scroll of enchant weapon {unknown}
Potions
 i - a potion of curing {unknown}
 j - a potion of agility {unknown}
 l - a potion of flight {unknown}
 o - a potion of might {unknown}
 t - a potion of lignification {unknown}
Comestibles
 d - 5 rations


   Skills:
 - Level 1.7 Dodging
 - Level 2.4 Stealth
 + Level 4.1 Spellcasting
 - Level 1.1 Transmutations
 + Level 5.6 Earth Magic


You had 6 spell levels left.
You knew the following spells:

 Your Spells              Type           Power        Failure   Level  Hunger
a - Sandblast             Erth           ###...       1%          1    None
b - Stone Arrow           Conj/Erth      ##....       16%         3    ###....
c - Passwall              Tmut/Erth      ##........   6%          2    ##.....

Your spell library contained the following spells:

 Spells                   Type           Power        Failure   Level  Hunger
 Lee's Rapid Deconstruct  Erth           ###.......   43%         5    ######.
 Petrify                  Tmut/Erth      ##......     38%         4    ####...


Dungeon Overview and Level Annotations

Branches:
Dungeon (3/15)

Altars:
Gozag
Nemelex Xobeh


Innate Abilities, Weirdness & Mutations

You cannot be hasted, slowed, berserked, paralysed or teleported.
You can dig through walls and to a lower floor.
Your four strong arms can wield two-handed weapons with a shield.
You have a pair of large antennae on your head. (SInv)


Message History

There is an opulent altar of Gozag here.
Found a stone staircase leading down.
You are feeling hungry.
You see here a dagger.
There is a stone staircase leading up here.
Casting: Stone Arrow (safe; 16% risk of failure)
Confirm with . or Enter, or press ? or * to list all spells.
Aiming: Sandblast (safe; 1% risk of failure)
Press: ? - help, Shift-Dir - straight line, f - ogre
Aim: an ogre, wielding a giant spiked club The blast of sand hits the ogre.
The ogre is lightly wounded.
b - 73 stones The ogre hits you with a giant spiked club!!
Ouch! That really hurt!
* * * LOW HITPOINT WARNING * * *
There is a stone staircase leading up here.
The ogre hits you with a giant spiked club!!
Ouch! That really hurt!
You die...

#...##.# #.##.
###.#.##.#######.##.
#..............)....
#.#...#############. #
#.#..........# #.
#...S#######.####.
###..#.........##.
###..#....##.#.###
#@OS.#....+..#.#.S
#.##.###....#..#.#.#
#...........#..#...#
#...>..................
.....#.######.#..######
####.#. #.#.....# # #.
#.#.###.# ##
#.#...#.### #.....#.S.#


You could see an ogre and an adder.

Vanquished Creatures
  A crimson imp (D:3)
  A hound (D:3)
  An adder (D:2)
  A worm (D:2)
  4 dart slugs
  2 orcs (D:3)
  9 giant cockroaches
  5 hobgoblins
  4 jackals (D:2)
  2 quokkas
  3 ball pythons
  7 bats
  3 frilled lizards
  11 goblins
  7 kobolds
  4 rats
65 creatures vanquished.

Notes
Turn   | Place    | Note
-------+----------+-------------------------------------------
     0 | D:1      | iamserjio the Formicid Earth Elementalist began the quest for the Orb.
     0 | D:1      | Reached XP level 1. HP: 13/13 MP: 3/3
     0 | D:1      | Noticed a centaur
     0 | D:1      | Noticed a draconian
     1 | D:1      | Noticed a draconian
     3 | D:1      | Noticed a gargoyle
     5 | D:1      | Noticed a dwarf
     6 | D:1      | Noticed a gargoyle
     7 | D:1      | Noticed a centaur
    10 | D:1      | Noticed a gargoyle
    12 | D:1      | Noticed a troll
    12 | D:1      | Noticed a minotaur
    14 | D:1      | Noticed a draconian
    16 | D:1      | Noticed a ghoul
    16 | D:1      | Noticed a gargoyle
    18 | D:1      | Noticed an ogre
   105 | D:1      | Reached XP level 2. HP: 19/19 MP: 5/5
   186 | D:1      | Reached skill level 4 in Earth Magic
   785 | D:1      | Reached XP level 3. HP: 19/24 MP: 7/7
  1450 | D:2      | Found a sparkling altar of Nemelex Xobeh.
  1816 | D:2      | Reached XP level 4. HP: 30/30 MP: 6/8
  2640 | D:3      | Learned a level 3 spell: Stone Arrow
  2643 | D:3      | Learned a level 2 spell: Passwall
  2855 | D:3      | Found an opulent altar of Gozag.
  2892 | D:3      | Reached skill level 5 in Earth Magic
  3360 | D:3      | Reached XP level 5. HP: 27/35 MP: 5/10
  3720 | D:3      | Noticed an ogre
  3817 | D:3      | HP: 1/35 [ogre/giant spiked club (20)]
  3838 | D:3      | Annihilated by an ogre

Vault maps used:
D:1:      shiori_arrival_whats_in_store_for_you, minmay_statues_item
D:2:      cheibrodos_old_hovel, nemelex_spade_bored_becter
D:3:      minmay_door_path, first_ration, minmay_misc_feat_rows,
          nicolae_gozag_seed_capital

Skill      XL: |  1  2  3  4  5 |
---------------+----------------+-----
Earth Magic    | 4 5 |  5.6
Spellcasting   | 3 4 |  4.1
Dodging        | |  1.7
Stealth        | |  2.4
Transmutations | |  1.1

Action                   |  1- 3 |  4- 6 || total
-------------------------+-------+-------++-------
Melee: Dagger            |   114 |   125 ||   239
       Unarmed           |     1 |       ||     1
 Cast: Sandblast         |    21 |    16 ||    37
       Stone Arrow       |       |     2 ||     2
 Stab: Sleeping          |     7 |     5 ||    12
  Eat: Chunk             |     3 |     6 ||     9
Armor: Robe              |    30 |    16 ||    46
Dodge: Dodged            |    83 |    82 ||   165

Table legend:
 A = Spawn XP
 B = Non-spawn XP
 C = Spawn XP percentage of total XP
 D = Spawn monster count
 E = Non-spawn monster count
 F = Spawn count percentage of total count
 G = Total turns spent on level
                    A         B        C        D         E        F      G
               +---------+---------+-------+---------+---------+-------+---------
         Total |       0 |     219 |   0.0 |       0 |      65 |   0.0 |  3838
               +---------+---------+-------+---------+---------+-------+---------
           D:1 |       0 |      42 |   0.0 |       0 |      22 |   0.0 |  1361
           D:2 |       0 |      49 |   0.0 |       0 |      21 |   0.0 |  1226
           D:3 |       0 |     128 |   0.0 |       0 |      22 |   0.0 |  1251
               +---------+---------+-------+---------+---------+-------+---------
